 Dungeon Crawl Stone Soup version 0.29.1-15-g9cfb28693d (console) character file.

Game seed: 1348228509134632725

7 sentinel the Digger (level 2, 20/20 HPs)
             Began as a Meteoran Earth Elementalist on Aug 19, 2023.
             Quit the game on level 1 of the Dungeon.
             The game lasted 00:00:05 (119 turns).

sentinel the Digger (Meteoran Earth Elementalist)    Turns: 119, Time: 00:00:05

Health: 20/20      AC:  2    Str:  9    XL:     2   Next: 23%
Magic:  6/6        EV: 12    Int: 16    God:
Gold:   0          SH:  0    Dex: 14    Spells: 5/6 levels left

rFire   . . .      SeeInvis .   (no weapon)
rCold   . . .      Faith    .   (no shield)
rNeg    . . .      Spirit   .   a - +0 robe
rPois   .          Reflect  .   (no helmet)
rElec   .          Harm     .   (no cloak)
rCorr   .          Rampage  .   (no gloves)
Will    .....                   (no boots)
Stlth   +.........              (no amulet)
HPRegen 0.06/turn               (no ring)
MPRegen 0.10/turn               (no ring)

@: glowing
A: sense surroundings 1, otherworldly, glowing, explore regen
a: no special abilities


You were on level 1 of the Dungeon.
You visited 1 branch of the dungeon, and saw 1 of its levels.

Inventory:

Armour
 a - a +0 robe (worn)
Scrolls
 d - a scroll of enchant armour {unknown}
 e - a scroll of fear {unknown}
Potions
 b - a potion of magic
 c - a potion of attraction {unknown}


   Skills:
 - Level 2.4 Dodging
 - Level 1.4 Stealth
 - Level 2.6 Spellcasting
 - Level 1.2 Transmutations
 + Level 4.3 Earth Magic


You had 5 spell levels left.
You knew the following spells:

 Your Spells              Type           Power      Damage    Failure   Level
a - Sandblast             Erth           30%        2d9       3%          1

Your spell library contained the following spells:

 Spells                   Type           Power      Damage    Failure   Level
 Passwall                 Tmut/Erth      9%         N/A       10%         2
 Stone Arrow              Conj/Erth      18%        3d8       24%         3
 Petrify                  Tmut/Erth      11%        N/A       52%         4


Dungeon Overview and Level Annotations

Branches:
Dungeon (1/15) Zot: 477

Altars:


Innate Abilities, Weirdness & Mutations

You passively map a small area around you.
You are easily found by Zot.
You glow in the dark.
You regain HP and MP as you explore.


Message History

There is a staircase leading out of the dungeon here.
d - a scroll labelled LAIS DARULOI Unknown command.
e - a scroll labelled PUUTEA DILU Unknown command.
A hobgoblin and a kobold come into view.
The kobold shouts!
Unknown command.
But you're not safe!
Unknown command.
The blast of sand hits the hobgoblin!
You kill the hobgoblin!
The blast of sand hits the kobold.
The kobold is severely wounded.
You miscast Sandblast.
You are very lightly contaminated with residual magic.
Nothing appears to happen.
Unknown command.
The blast of sand hits the kobold.
You kill the kobold!
Unknown command.
You can't see any susceptible monsters within range! (Use Z to cast anyway.) Unknown command.
You can't see any susceptible monsters within range! (Use Z to cast anyway.) Unknown command.
No target in view!
No target in view!
You can't see any susceptible monsters within range! (Use Z to cast anyway.) Unknown command.
You can't see any susceptible monsters within range! (Use Z to cast anyway.) Unknown command.
You can't see any susceptible monsters within range! (Use Z to cast anyway.) Unknown command.
You can't see any susceptible monsters within range! (Use Z to cast anyway.) Unknown command.
No target in view!
No target in view!
You can't see any susceptible monsters within range! (Use Z to cast anyway.) Unknown command.
You can't see any susceptible monsters within range! (Use Z to cast anyway.) Unknown command.
You can't see any susceptible monsters within range! (Use Z to cast anyway.) Unknown command.
You can't see any susceptible monsters within range! (Use Z to cast anyway.) Unknown command.
You start waiting.
Your magical contamination has completely faded away.
Unknown command.
A frilled lizard comes into view.
Found a plate armour.
Unknown command.
But you're not safe!
Unknown command.
But you're not safe!
Unknown command.
But you're not safe!
Unknown command.
The frilled lizard hisses angrily.
The blast of sand hits the frilled lizard.
You kill the frilled lizard!
A frilled lizard comes into view.
Unknown command.
You can't see any susceptible monsters within range! (Use Z to cast anyway.) Unknown command.
You can't see any susceptible monsters within range! (Use Z to cast anyway.) Unknown command.
You can't see any susceptible monsters within range! (Use Z to cast anyway.) Unknown command.
The frilled lizard hisses angrily.
A dart slug comes into view.
The blast of sand hits the frilled lizard.
You kill the frilled lizard!
Your Earth Magic skill increases to level 4!
Unknown command.
You can't see any susceptible monsters within range! (Use Z to cast anyway.) Unknown command.
You can't see any susceptible monsters within range! (Use Z to cast anyway.) Unknown command.
You can't see any susceptible monsters within range! (Use Z to cast anyway.) Unknown command.
The dart slug launches a dart at you. The slug dart hits you.
The blast of sand hits the dart slug!
You kill the dart slug!
You have reached level 2!
You can't see any susceptible monsters within range! (Use Z to cast anyway.) Unknown command.
You can't see any susceptible monsters within range! (Use Z to cast anyway.) Unknown command.
You can't see any susceptible monsters within range! (Use Z to cast anyway.) Unknown command.
HP restored.
Found a leather armour.
Unknown command.
Magic restored.
A frilled lizard comes into view.
Unknown command.
But you're not safe!
Unknown command.
But you're not safe!
Unknown command.
But you're not safe!
Unknown command.
The blast of sand hits the frilled lizard!
You kill the frilled lizard!
No target in view!
You can't see any susceptible monsters within range! (Use Z to cast anyway.) Unknown command.
You can't see any susceptible monsters within range! (Use Z to cast anyway.) Unknown command.
You can't see any susceptible monsters within range! (Use Z to cast anyway.) Unknown command.
You can't see any susceptible monsters within range! (Use Z to cast anyway.) Unknown command.
No target in view!
No target in view!
You can't see any susceptible monsters within range! (Use Z to cast anyway.) Unknown command.
You can't see any susceptible monsters within range! (Use Z to cast anyway.) Unknown command.
You can't see any susceptible monsters within range! (Use Z to cast anyway.) Unknown command.
You can't see any susceptible monsters within range! (Use Z to cast anyway.) Unknown command.
No target in view!
No target in view!
You can't see any susceptible monsters within range! (Use Z to cast anyway.) Unknown command.
You can't see any susceptible monsters within range! (Use Z to cast anyway.) Unknown command.
You can't see any susceptible monsters within range! (Use Z to cast anyway.) Unknown command.
You can't see any susceptible monsters within range! (Use Z to cast anyway.) Unknown command.
A hobgoblin comes into view.
The hobgoblin shouts!
You hear an angry hiss.
A frilled lizard comes into view.
Unknown command.
But you're not safe!
Unknown command.
But you're not safe!
Unknown command.
But you're not safe!
Unknown command.
But you're not safe!
Unknown command.
Unknown command.
Unknown command.
Unknown command.
Are you sure you want to abandon this character and quit the game? (Confirm with "yes".)

... , * ... ,..## *# , ... ...#
,,, .., .. ..# ... l. ..# , ..
#g #.# * , #.#.#. #.#
...P#~#P.#.....####.############
#..##~##.......@.....#..........
#..~~~~~.......#####...#.######.
#..##~##...#.#. #..##..P#....
#..P#~#P.#.#.#. * ##..#.P♣♣..###
#...P.P........ *##...#..♣PP.#
#........#.#### #[.....P♣P♣.#
#....<.......# #.....P.P..##
##.........##.# .##.........##
.....P.P..###.# .###....#####


You could see a hobgoblin and a frilled lizard.

Vanquished Creatures
  A dart slug (D:1)
  A hobgoblin (D:1)
  A kobold (D:1)
  3 frilled lizards (D:1)
6 creatures vanquished.

Notes
Turn   | Place    | Note
-------+----------+-------------------------------------------
     0 | D:1      | sentinel the Meteoran Earth Elementalist began the quest
                  | for the Orb.
     0 | D:1      | Reached XP level 1. HP: 14/14 MP: 5/5
    59 | D:1      | Reached skill level 4 in Earth Magic
    62 | D:1      | Reached XP level 2. HP: 16/20 MP: 1/6
   119 | D:1      | Quit the game

Illustrated notes

Levels and vault maps discovered:
D:1:      eino_arrival_water_cross, layout_loops_ring, serial_forest,
          infiniplex_forest_clump_medium, infiniplex_forest_lined_3_way,
          infiniplex_forest_corner_1, infiniplex_forest_clump_curved,
          infiniplex_forest_lined_2, infiniplex_forest_clump_small,
          infiniplex_forest_straight_2, chequers_mini_garden,
          wad_floor_pattern_2, st_stairs_1, minmay_pentomino_q4

Skill      XL: |  1 |
---------------+----+-----
Earth Magic    | 4 |  4.3
Dodging        | |  2.4
Stealth        | |  1.4
Spellcasting   | |  2.6
Transmutations | |  1.2

Action                   || total
-------------------------++-------
 Cast: Sandblast         ||     7
